 Dungeon Crawl Stone Soup version 0.31.0 (webtiles) character file.

Game seed: 7036355137772782117

333 monsoonserge the Trooper (level 6, -2/66 HPs)
             Began as an Oni Fighter on Jan 19, 2024.
             Was an Initiate of Okawaru.
             Slain by Ijyb
             ... wielding a +0 dagger
              (5 damage)
             ... on level 4 of the Dungeon.
             The game lasted 00:07:48 (2663 turns).

monsoonserge the Trooper (Oni Fighter)              Turns: 2663, Time: 00:07:49

Health: -2/66      AC:  3    Str: 23    XL:     6   Next: 52%
Magic:  6/6        EV:  5    Int:  9    God:    Okawaru [......]
Gold:   127        SH:  0    Dex:  8    Spells: 5/5 levels left

rFire   . . .        a - +0 flail
rCold   . . .        c - +0 kite shield
rNeg    . . .        b - +0 robe
rPois   .            (helmet restricted)
rElec   .            (no cloak)
rCorr   .            (gloves unavailable)
SInv    .            (boots unavailable)
Will    +....        (no amulet)
Stlth   +            f - ring of willpower
HPRegen 0.31/turn    (no ring)
MPRegen 0.10/turn

%: no passive effects
@: held
A: large, unfitting armour, horns 1, tough skin 1, double potion healing,
drunken brawling
a: Renounce Religion


You were on level 4 of the Dungeon.
You worshipped Okawaru.
Okawaru was noncommittal.
You visited 2 branches of the dungeon, and saw 5 of its levels.

You collected 127 gold pieces.

Inventory:

Hand Weapons
 a - a +0 flail (weapon)
 p - a +0 giant spiked club
Armour
 b - a +0 robe (worn)
 c - a +0 kite shield (worn)
Jewellery
 f - a ring of willpower (left hand)
Talismans
 l - a granite talisman
Scrolls
 d - a scroll of identify {unknown}
 e - a scroll of poison {unknown}
 j - a scroll of fog {unknown}
 k - a scroll of teleportation {unknown}
 m - 3 scrolls of summoning {unknown}
 n - a scroll of blinking {unknown}
 o - a scroll of enchant weapon {unknown}
Potions
 h - a potion of ambrosia {unknown}


   Skills:
 + Level 5.3 Fighting
 + Level 4.5 Maces & Flails
 + Level 3.7 Dodging
 + Level 0.3 Stealth
 + Level 3.6 Shields


You had 5 spell levels left.
You didn't know any spells.
Your spell library contained the following spells:

 Spells                   Type           Power      Damage    Failure   Level
 Sublimation of Blood     Necr           0%         N/A       80%         2
 Petrify                  Alch/Erth      0%         N/A       100%        4
 Irradiate                Conj/Alch      0%         3d11      100%        5


Dungeon Overview and Level Annotations

Branches:
Dungeon (4/15)             Temple (1/1) D:4

Altars:
Cheibriados
Elyvilon
Gozag
Kikubaaqudgha
Makhleb
Nemelex Xobeh
Okawaru
Uskayaw
Vehumet
Wu Jian
Xom
Zin
The Shining One

Shops:
D:1 [

Annotations:
D:3 Sigmund
D:4 Ijyb


Innate Abilities, Weirdness & Mutations

You are too large for most types of armour.
You have a pair of small horns on your head.
You have tough skin. (AC +1)
You gain doubled healing and magic from potions.
Whenever you drink a healing potion, you attack all around you.


Message History

You hit Ijyb.
Ijyb is heavily wounded.
Ijyb hits you with a +0 dagger.
You closely miss Ijyb.
Ijyb is heavily wounded.
Ijyb hits you with a +0 dagger.
* * * LOW HITPOINT WARNING * * *
Ijyb zaps a wand.
The bolt of light misses you.
A goblin comes into view.
It is wielding a +0 dagger and quivering a throwing net.
You barely miss Ijyb.
Ijyb is heavily wounded.
The goblin shouts!
Ijyb zaps a wand.
The bolt of light hits you!
You are confused.
* * * LOW HITPOINT WARNING * * *
The goblin throws a throwing net.
The throwing net hits you.
You become entangled in the net!
You take a swig of the potion and twirl your +0 flail.
You sock Ijyb!
Ijyb is severely wounded.
You savour every drop.
You feel better. Ijyb hits you with a +0 dagger.
Unknown command.
You struggle against the net.
Ijyb screams, "Me very upset!"
Ijyb zaps a wand.
The bolt of light hits you!
* * * LOW HITPOINT WARNING * * *
Unknown command.
You struggle against the net.
Ijyb screams, "Me stronger than you!" Ijyb hits you with a +0 dagger.
* * * LOW HITPOINT WARNING * * *
You struggle against the net.
Ijyb hits you with a +0 dagger.
* * * LOW HITPOINT WARNING * * *
You struggle against the net.
Ijyb screams, "I cut your head off!" Ijyb hits you with a +0 dagger.
* * * LOW HITPOINT WARNING * * *
It was a potion of cancellation.
You feel magically purged. Ijyb hits you with a +0 dagger.
You die...

###.## #...####.#
###.# #.....##.#
....#
####......#.#
..#.#
............#####
#.#.#
####..............
#.# #
#.....##.##.###
#.#
#.#.#####g.##.##.#
#
...........##.##.#
..s.#g@##.##.##.#
<.....#$##.##.##.#
....? #.##..... ..
.... #..._...) ...
.....##.# ..
####.# .# # ?# # #


You could see Ijyb and a goblin.

Vanquished Creatures
  An ogre (D:4)
  A scorpion (D:4)
  2 jellies (D:4)
  4 gnolls (D:4)
  2 adders
  A ribbon worm (D:2)
  An orc (D:4)
  3 endoplasms
  2 giant cockroaches
  6 hobgoblins
  6 jackals
  2 kobolds
  3 quokkas
  5 ball pythons
  12 bats
  4 frilled lizards
  7 goblins
  8 rats
70 creatures vanquished.

Notes
Turn   | Place    | Note
-------+----------+-------------------------------------------
     0 | D:1      | monsoonserge the Oni Fighter began the quest for the Orb.
     0 | D:1      | Reached XP level 1. HP: 24/24 MP: 1/1
   210 | D:1      | Reached XP level 2. HP: 32/32 MP: 2/2
   588 | D:1      | Reached XP level 3. HP: 40/40 MP: 3/3
   589 | D:1      | Found Hueheur's Armour Shop.
  1012 | D:2      | Found a faded altar of an unknown god.
  1193 | D:2      | Reached XP level 4. HP: 48/49 MP: 4/4
  1742 | D:3      | Noticed Sigmund
  1743 | D:3      | Found a sparkling altar of Nemelex Xobeh.
  1918 | D:4      | Reached XP level 5. HP: 15/55 MP: 5/5
  2175 | D:4      | Found a staircase to the Ecumenical Temple.
  2196 | Temple   | Found a transporter.
  2196 | Temple   | Found a transporter.
  2196 | Temple   | Found a transporter.
  2196 | Temple   | Found a transporter.
  2196 | Temple   | Entered the Ecumenical Temple
  2221 | Temple   | Became a worshipper of Warmaster Okawaru
  2262 | D:4      | Reached skill level 5 in Fighting
  2268 | D:4      | Noticed an ogre
  2377 | D:4      | Killed an ogre
  2378 | D:4      | Reached XP level 6. HP: 26/66 MP: 6/6
  2636 | D:4      | Found a white marble altar of Elyvilon.
  2638 | D:4      | Noticed Ijyb
  2662 | D:4      | HP: 3/66 [Ijyb/+0 dagger (1)]
  2663 | D:4      | Slain by Ijyb

Illustrated notes

Levels and vault maps discovered:
D:1:      mrwooster_arrival_arrow, layout_loops_corners, serial_shops,
          nicolae_shop_trees
D:2:      layout_loops_ring, ebering_ecumenical_altar_mist, st_stairs_1
D:3:      layout_loops_ring, old_standard_altar, nicolae_dithmenos_the_darkroom,
          hangedman_decor_points, uniq_natasha, uniq_sigmund
D:4:      layout_loops_ring, overflow_temple_1_default,
          minmay_temple_entry_statues_fountains, uniq_ijyb
Temple:   hellmonk_temple_divided_pantheon

Skill      XL: |  1  2  3  4  5 |
---------------+----------------+-----
Shields        | 3 |  3.6
Dodging        | 3 |  3.7
Maces & Flails | 3 4 |  4.5
Fighting       | 5 |  5.3
Stealth        | |  0.3

Action                     |  1- 3 |  4- 6 || total
---------------------------+-------+-------++-------
  Melee: Flail             |    90 |    97 ||   187
         Headbutt          |    13 |    19 ||    32
    Use: Potion            |       |     5 ||     5
 Armour: Robe              |    58 |    75 ||   133
  Dodge: Dodged            |    33 |    47 ||    80
  Block: Kite shield       |    49 |    41 ||    90
